[Event "Early-Titled-Tuesday-Blitz-July-09-2024"]
[Site "Chess.com"]
[Date "2024.07.09"]
[Round "1"]
[White "FormerProdigy"]
[Black "Hudijegszid"]
[Result "1-0"]
[WhiteElo "2985"]
[BlackElo "2519"]
[TimeControl "180+1"]
[EndTime "8:07:45 PDT"]
[Termination "FormerProdigy won on time"]

1. e4 c6 2. Nf3 d5 3. d3 dxe4 4.
dxe4 Qxd1+ 5. Kxd1 h5 6. a4 Nf6 7. Nbd2 g6 8. Bd3 Bh6 9. h3 Nbd7 10. Nb3 Bxc1 11. Kxc1 a5 12. e5 Nd5 13. e6 Nf8 14.
exf7+ Kxf7 15. g3 Bf5 16. Ng5+ Kf6 17. Ne4+ Bxe4 18. Bxe4 e5 19. Rd1 h4 20. gxh4 Rxh4 21.
Bxd5 cxd5 22. Rxd5 Rxh3 23. Kd2 Ne6 24. Nxa5 Rf3 25.
Rf1 b6 26. Nc4 Rxa4 27. Nxe5 Nc7 28. Nxf3 Nxd5 29. c3 Rf4 30. Nd4 g5 31. Ke2 Re4+ 32. Kf3 Rf4+ 33. Kg3 Ne7 34. Rh1 Nf5+ 35. Nxf5 Kxf5 36.
Rh6 Rg4+ 37. Kf3 Rf4+ 38. Kg2 Rg4+ 39. Kf1 Rh4 40. Rxb6 Rh2 41. c4 Ke4 42. Kg1 Rh3 43.
Kg2 Rd3 44. c5 Rd2 45. b4 Rc2 46. c6 Kd5 47. b5 Kd6 48. Rb7 Rc4 49. Kg3 Rc3+ 50. f3 Rc4 51. c7 Rxc7 52. Rxc7 1-0

[Event "Early-Titled-Tuesday-Blitz-July-09-2024"]
[Site "Chess.com"]
[Date "2024.07.09"]
[Round "1"]
[White "HelenaWalker2912"]
[Black "artin10862"]
[Result "0-1"]
[WhiteElo "2509"]
[BlackElo "2943"]
[TimeControl "180+1"]
[EndTime "8:07:45 PDT"]
[Termination "artin10862 won by resignation"]

1. d4 d5 2. c4 e6 3. Nc3 c6 4. e4 dxe4 5. Nxe4 Bb4+ 6. Nc3 c5 7. a3 Ba5 8. Ne2 cxd4 9. Nxd4 Bxc3+ 10. bxc3 Nf6 11.
Nb5 Qxd1+ 12. Kxd1 Na6 13. Be2 Bd7 14. Be3 Bc6 15.
f3 b6 16. Kc2 Ke7 17. Rad1 Nc5 18. Bf4 Nfd7 19. Bd6+ Kf6 20. Rd2 a6 21. Nd4 Ba4+ 22. Kb2 e5 23. Nc2 Ke6 24. Re1 f5 25. g4 f4 26. Nb4 Rac8 27. Bxc5 Nxc5 28. Bd3 g6 29. Rde2 Rhd8 30. Rxe5+ Kf7 31. Re7+ Kg8 32. Be4 a5 33.
Bd5+ Kh8 34. Rf7 Re8 35. Rxe8+ Rxe8 36. Nc6 Nd3+ 37. Kb1 Re1+ 38. Ka2 Re2+ 39. Kb1 Bc2+ 40. Ka2 Ba4+ 41. Kb1 Bb3 42. Re7 Rd2 43. Re8+ Kg7 44. Rg8+ Kh6 45. g5+ Kxg5 46. Rxg6+ hxg6 0-1

[Event "Early-Titled-Tuesday-Blitz-July-09-2024"]
[Site "Chess.com"]
[Date "2024.07.09"]
[Round "1"]
[White "myburger"]
[Black "Jakhongir-Vakhidov"]
[Result "1/2-1/2"]
[WhiteElo "2538"]
[BlackElo "3020"]
[TimeControl "180+1"]
[EndTime "8:07:49 PDT"]
[Termination "Game drawn - insufficient material"]

1. d4 Nf6 2. Nc3 d5 3. Bf4 a6 4. e3 e6 5. Bd3 c5 6. Nf3 Nc6 7. O-O c4 8. Be2 Bd6 9. Ne5 O-O 10. Nb1 Bxe5 11. Bxe5 Nxe5 12. dxe5 Nd7 13. Qd4 Nb8 14. f4 Nc6 15. Qc5 Bd7 16. e4 b6 17.
Qf2 Nb4 18. Bf3 Bc6 19. exd5 Bxd5 20. a3 Bxf3 21. axb4 Bb7 22. Nc3 Qc7 23. Rfd1 Rfd8 24. b5 axb5 25. Rxa8 Bxa8 26. Rxd8+ Qxd8 27. h3 Bc6 28. Na2 h5 29. Nb4 Bb7 30. c3 g6 31. Kh2 h4 32. Kg1 g5 33. Kh2 Kg7 34. Qe3 gxf4 35. Qxf4 Kg6 36. Nc2 Qg5 37. Qxg5+ Kxg5 38. Nd4 Kf4 39.
Nxb5 Kxe5 40. g3 hxg3+ 41. Kxg3 f5 42. h4 f4+ 43. Kg4 Bc6 44. Nd4 Be8 45. h5 Bxh5+ 46. Kxh5 Ke4 47. Kg4 e5 48. Nf3 b5 49. Ng5+ Ke3 50. Kf5 Kd2 51. Kxe5 Kc2 52. Kxf4 Kxb2 53. Ne4 Kb3 54. Ke5 b4 55. Kd4 bxc3 56. Nxc3 Kb2 57. Nd5 c3 58. Nxc3 1/2-1/2

[Event "Early-Titled-Tuesday-Blitz-July-09-2024"]
[Site "Chess.com"]
[Date "2024.07.09"]
[Round "1"]
[White "SuperPower2011"]
[Black "YaWaleriy"]
[Result "1-0"]
[WhiteElo "2717"]
[BlackElo "2395"]
[TimeControl "180+1"]
[EndTime "8:07:49 PDT"]
[Termination "SuperPower2011 won on time"]

1. Nf3 d5 2. d4 e6 3. c4 Nf6 4. cxd5 exd5 5. Nc3 Be7 6. Bg5 O-O 7. e3 Nbd7 8. Bd3 Re8 9. O-O c6 10. Qc2 Nf8 11.
Bf4 Ng6 12. Bg3 Bd6 13. Bxd6 Qxd6 14. h3 Qe7 15. Rfe1 Ne4 16. Bxe4 dxe4 17. Nd2 f5 18. f3 exf3 19. Nxf3 Nh4 20. Ne5 Be6 21. Qf2 Qg5 22. Kh2 Rf8 23. Nd3 Rae8 24. Ne2 Bd5 25. Nef4 Be4 26.
Nc5 Qh6 27. Rg1 g5 28. Ne2 b6 29. Nxe4 fxe4 30. Qg3 Rf7 31. Nc3 Nf5 32. Qe1 g4 33. d5 gxh3 34. gxh3+ Kh8 35. dxc6 Nxe3 36. Ne2 Rf3 37.
Ng3 Qxc6 38. Rc1 Qf6 39. Kh1 Rg8 40. Rc3 1-0

[Event "Early-Titled-Tuesday-Blitz-July-09-2024"]
[Site "Chess.com"]
[Date "2024.07.09"]
[Round "1"]
[White "Resourchess"]
[Black "Karttunen"]
[Result "0-1"]
[WhiteElo "2374"]
[BlackElo "2686"]
[TimeControl "180+1"]
[EndTime "8:07:51 PDT"]
[Termination "Karttunen won on time"]

1. d4 Nf6 2. c4 e6 3. Nc3 d5 4.
cxd5 exd5 5. Bg5 Bb4 6. e3 h6 7.
Bh4 g5 8. Bg3 Ne4 9. Qc2 h5 10.
f3 Bxc3+ 11. bxc3 Nxg3 12. hxg3 Qe7 13. Qd2 Be6 14. Bd3 Nd7 15. Ne2 O-O-O 16. Rb1 f5 17. Qb2 b6 18. Ba6+ Kb8 19. Qb5 Qd6 20. Kf2 Nf6 21. Qb4 Qd7 22. a4 Bf7 23. a5 Qe6 24.
axb6 cxb6 25. Nc1 Rde8 26. Re1 h4 27. Nd3 hxg3+ 28. Kxg3 Nd7 29. Bb5 Qh6 30. Kf2 Qh4+ 31. Ke2 Kc7 32. Bxd7 Kxd7 33. Ne5+ Ke6 34. Qb5 Kf6 35.
Qd7 Re7 36. Qd6+ Re6 37. Qxd5 Qh2 38. Rg1 g4 39. Nd7+ Ke7 40. Qb7 Rh7 41. Ne5+ Kf6 42. f4 Re7 43. Qc6+ Kg7 44. d5 Rh6 45. d6 Rxe5 46.
fxe5 Qxe5 47. Rbd1 f4 48. e4 b5 49. Qc7 Qxe4+ 50. Kd2 Re6 51. Kc1 Qa4 0-1

[Event "Early-Titled-Tuesday-Blitz-July-09-2024"]
[Site "Chess.com"]
[Date "2024.07.09"]
[Round "1"]
[White "glebus008"]
[Black "edgarhay012"]
[Result "0-1"]
[WhiteElo "2387"]
[BlackElo "2704"]
[TimeControl "180+1"]
[EndTime "8:07:53 PDT"]
[Termination "edgarhay012 won on time"]

1. e4 c5 2. c3 e6 3. d4 Nf6 4.
e5 Nd5 5. Nf3 cxd4 6. cxd4 b6 7.
Bc4 Nc7 8. Nc3 d5 9. exd6 Bxd6 10.
O-O Bb7 11. Ne5 Nd7 12. Qe2 O-O 13. Bf4 Nxe5 14. dxe5 Bb4 15. Rad1 Qh4 16. Bg3 Qe7 17. Qg4 Kh8 18. Nb5 Nxb5 19. Bxb5 Qc5 20. Qc4 Qxc4 21. Bxc4 Bc6 22. a3 Be7 23. Rd2 Rfd8 24. Rfd1 Rxd2 25.
Rxd2 Rd8 26. Rxd8+ Bxd8 27. f3 Kg8 28. Kf1 Kf8 29.
Ke2 Ke8 30. Kd3 Be7 31. b4 a5 32. Kc3 Bg5 33. Bf2 b5 34. Bd3 a4 35. Be2 h5 36.
h4 Bf4 37. Bd4 Bc1 38. Bf2 Bxa3 39. Bc5 Kd7 40. Bd3 Bc1 41. Bh7 Bf4 42. Bg8 Bxe5+ 43.
Kc2 Ke8 44. Bh7 g6 45. Bg8 a3 46. Kb1 Bd5 0-1

[Event "Early-Titled-Tuesday-Blitz-July-09-2024"]
[Site "Chess.com"]
[Date "2024.07.09"]
[Round "1"]
[White "Arysya"]
[Black "kuchma777"]
[Result "1-0"]
[WhiteElo "2867"]
[BlackElo "2476"]
[TimeControl "180+1"]
[EndTime "8:07:56 PDT"]
[Termination "Arysya won by resignation"]

1. e4 c6 2. Nf3 d5 3. Nc3 dxe4 4. Nxe4 Nf6 5. Qe2 Na6 6. g3 Nb4 7. d3 Bg4 8. Bg2 e6 9. O-O Be7 10. a3 Nbd5 11. h3 Bh5 12. c4 Nb6 13. b3 O-O 14. Bb2 Bg6 15. Ne5 Nxe4 16. dxe4 Bf6 17. f4 Qc7 18. Rad1 Rfe8 19. c5 Nc8 20. Rd7 Qb8 21. Rfd1 Ne7 22. Nxg6 Nxg6 23. Bxf6 gxf6 24. h4 Re7 25. h5 Rxd7 26. Rxd7 Qc8 27. Qd1 Qf8 28. b4 Ne7 29. Qd6 Nc8 30. Qxf8+ Kxf8 31. Rxb7 Ne7 32.
a4 a6 33. Bf1 Ke8 34. Rb6 a5 35. b5 cxb5 36. Bxb5+ Kf8 37. Bd7 Ra7 38. c6 Rc7 39.
Rb7 Rxc6 40. Bxc6 Nxc6 41. Rb5 Kg7 42. Rc5 Nd4 43. Rxa5 Ne2+ 44. Kf2 Nc3 45. Kf3 Nb1 46. Ra7 Nd2+ 47. Ke3 Nf1+ 48. Kf2 Nd2 49. e5 fxe5 50. fxe5 Nc4 51. a5 Nxe5 52. a6 Nc4 53. Rc7 Nd6 54. a7 Nb5 55. Rb7 Nd6 56. a8=Q 1-0

[Event "Early-Titled-Tuesday-Blitz-July-09-2024"]
[Site "Chess.com"]
[Date "2024.07.09"]
[Round "1"]
[White "Bykov_Egor"]
[Black "suspiciumchess"]
[Result "1-0"]
[WhiteElo "2678"]
[BlackElo "2354"]
[TimeControl "180+1"]
[EndTime "8:07:56 PDT"]
[Termination "Bykov_Egor won on time"]

1. Nf3 Nf6 2. g3 g6 3. Bg2 Bg7 4. O-O O-O 5. d4 d5 6. c4 c6 7. Qb3 Qb6 8. c5 Qxb3 9. axb3 Bf5 10. h3 h5 11. Nc3 Na6 12. Bf4 Rfc8 13. Ra4 Nc7 14.
b4 a6 15. Bxc7 Rxc7 16. b5 cxb5 17. Nxb5 Rcc8 18. Nc3 Bc2 19. Rb4 Rab8 20. Rc1 Be4 21.
Ra1 Nd7 22. Nxe4 dxe4 23. Nd2 e5 24. e3 exd4 25. exd4 f5 26. Bf1 Kh7 27. Ra3 Rd8 28. Nb3 Nf8 29. Bc4 Kh6 30. Bf7 Rd7 31. Bg8 Bf6 32. c6 Rc7 33. Rxb7 Rcxb7 34. cxb7 Rxb7 35. Rxa6 Kg7 36. Bc4 Rd7 37. Kf1 Rc7 38. Bd5 Nh7 39.
Rb6 Ng5 40. g4 hxg4 41. hxg4 fxg4 42. Rb7 Rxb7 43. Bxb7 Kf7 44. Ke2 Ke6 45. Ke3 Kd6 46. Bxe4 Ne6 47. Bxg6 Bg5+ 48. Ke4 Nf4 49. Bf5 1-0

[Event "Early-Titled-Tuesday-Blitz-July-09-2024"]
[Site "Chess.com"]
[Date "2024.07.09"]
[Round "1"]
[White "Sic_Transit_GM"]
[Black "yonaltimur"]
[Result "1-0"]
[WhiteElo "2591"]
[BlackElo "2236"]
[TimeControl "180+1"]
[EndTime "8:07:57 PDT"]
[Termination "Sic_Transit_GM won by resignation"]

1. Nf3 d5 2. e3 Nf6 3. c4 e6 4. Nc3 Be7 5. b3 O-O 6. Bb2 c5 7. cxd5 exd5 8. d4 Nc6 9. Be2 Be6 10. O-O Rc8 11. dxc5 Bxc5 12. Rc1 Qe7 13. Nb5 Ne4 14. Nbd4 Rfd8 15. h3 a6 16. Bd3 Rc7 17. Bb1 Rdc8 18.
Nxe6 fxe6 19. Bxe4 dxe4 20. Nd2 Rd8 21. Qe2 Nb4 22.
Nxe4 Nd3 23. Rcd1 Nxb2 24. Qxb2 Rcd7 25. Rxd7 Rxd7 26. Rc1 Ba3 27. Rc8+ Kf7 28. Qe5 h6 29. g3 Rd8 30. Rxd8 Qxd8 31. Kg2 Qd7 32. Qf4+ Kg6 33. Qg4+ Kf7 34. Qh5+ Kg8 35. Qg4 Qd5 36. Kh2 Kh7 37. Qf4 Bb2 38. h4 a5 39. Qg4 b5 40. h5 a4 41. Qg6+ Kh8 42. Qe8+ Kh7 43. Qg6+ Kh8 44. g4 axb3 45. axb3 Be5+ 46. Kg2 Qxb3 47.
g5 hxg5 48. Nxg5 Qd5+ 49. e4 1-0

[Event "Early-Titled-Tuesday-Blitz-July-09-2024"]
[Site "Chess.com"]
[Date "2024.07.09"]
[Round "1"]
[White "jamengrand"]
[Black "Bilan_Danila"]
[Result "1/2-1/2"]
[WhiteElo "2267"]
[BlackElo "2597"]
[TimeControl "180+1"]
[EndTime "8:07:58 PDT"]
[Termination "Game drawn by stalemate"]

1. e4 c6 2. Nf3 d5 3. exd5 cxd5 4. Ne5 Nc6 5. d4 Nf6 6. c3 Bf5 7. Bb5 Qb6 8. Qe2 e6 9. g4 Bg6 10. h4 Bd6 11. Na3 Bxa3 12. bxa3 O-O 13. Bxc6 bxc6 14. h5 Bb1 15. Bb2 Be4 16. f3 Rab8 17. Bc1 Bb1 18.
g5 Ne8 19. Nd7 Qc7 20. Nxb8 Qxb8 21. Kf2 Bf5 22. h6 g6 23. Qe5 Qxe5 24. dxe5 Nc7 25. Be3 Rb8 26. Bxa7 Ra8 27. Bb6 Nb5 28. c4 Nxa3 29.
cxd5 cxd5 30. Rac1 Nc4 31. Ra1 Nxb6 32. a4 Nc4 33. f4 Kf8 34. Rh3 Bxh3 35. Ke2 Bf5 36. Kd1 Ra5 37. Kc1 Rc5 38. Kd1 Ke7 39. a5 Rxa5 40.
Rc1 Ra2 41. Rc3 Ra1+ 42. Ke2 Ra2+ 43. Kf3 Be4+ 44. Kg3 Rg2+ 45. Kh3 Rc2 46. Rb3 Rb2 47. Rc3 Kd7 48. Kh4 Kc6 49. Rc1 Kc5 50. Ra1 Ne3 51. Ra7 Rb3 52. Rc7+ Kd4 53. f5 Nxf5+ 54. Kg4 Bf3+ 55.
Kf4 Bh5 56. Rc4+ Kd3 57. Rc3+ Kxc3 1/2-1/2

[Event "Early-Titled-Tuesday-Blitz-July-09-2024"]
[Site "Chess.com"]
[Date "2024.07.09"]
[Round "1"]
[White "Didici"]
[Black "micke12a"]
[Result "1-0"]
[WhiteElo "2750"]
[BlackElo "2417"]
[TimeControl "180+1"]
[EndTime "8:07:59 PDT"]
[Termination "Didici won on time"]

1. c4 Nf6 2. Nc3 g6 3. e4 e5 4.
Nf3 Bg7 5. d3 O-O 6. Nxe5 Re8 7. Nf3 d5 8. cxd5 Nxd5 9. Bd2 c5 10. Nxd5 Qxd5 11. Be2 Qd6 12. Bc3 Nc6 13. Rc1 Bg4 14. Bxg7 Kxg7 15. Qc2 Bxf3 16. Bxf3 Nd4 17. Qxc5 Qf6 18. O-O Nxf3+ 19. gxf3 Qxf3 20. Qe3 Qf6 21. d4 Rad8 22. Rfd1 Qb6 23. b3 Rd5 24. Rc5 Rxc5 25.
dxc5 Qc6 26. Rd5 Kg8 27. Qd4 Qe6 28. f3 Qh3 29. Rd8 Rxd8 30. Qxd8+ Kg7 31. Qd4+ Kg8 32. Qf6 Qd7 33. Qd6 Qh3 34. Kf2 Qh4+ 35. Ke2 Qg5 36. Kd3 Qg1 37. Qg3 Qb1+ 38. Kc4 Qxa2 39. Qb8+ Kg7 40.
Qxb7 Qc2+ 41. Kb4 Qd2+ 42. Kb5 Qd3+ 43. Kc6 Qxf3 44. Qb4 Qf6+ 45. Kb5 Qd8 46. Qc3+ Kg8 47. c6 Qb6+ 48. Ka4 Qa6+ 49. Kb4 Qb6+ 50. Ka3 Qa6+ 51. Kb2 Qc8 52. c7 a5 53. Qc6 Kg7 54. Qd6 Qa6 55. Qxa6 1-0

[Event "Early-Titled-Tuesday-Blitz-July-09-2024"]
[Site "Chess.com"]
[Date "2024.07.09"]
[Round "1"]
[White "TitarovVasiliYouTube"]
[Black "oykuince"]
[Result "1/2-1/2"]
[WhiteElo "2549"]
[BlackElo "2103"]
[TimeControl "180+1"]
[EndTime "8:07:59 PDT"]
[Termination "Game drawn - insufficient material"]

1. e4 c5 2. Be2 Nc6 3. c3 Nf6 4. d3 d5 5. Nd2 g6 6. Ngf3 Bg7 7. O-O O-O 8. Qc2 dxe4 9. dxe4 Qc7 10. a4 b6 11. Nc4 Bb7 12. h3 a6 13. Bg5 b5 14.
axb5 axb5 15. Ne3 Ne5 16. Bxf6 Bxf6 17. Bxb5 Nxf3+ 18. gxf3 Qf4 19. Be2 h5 20. Ng2 Qe5 21. Rxa8 Rxa8 22. Rd1 Qe6 23. b3 Qxh3 24. Qd2 Be5 25. f4 Bxe4 26. f3 Bxf3 27. Bxf3 Qxf3 28. fxe5 Qg3 29. Re1 Ra3 30. Qd8+ Kg7 31. Qxe7 h4 32. Qxh4 Qxc3 33. Qf6+ Kg8 34. Rd1 Ra1 35. Rxa1 Qxa1+ 36. Kh2 Qd4 37. Qf4 Qd1 38. Qe3 Kg7 39. Kg3 Qd5 40.
Nf4 Qd1 41. e6 g5 42. Qe5+ f6 43. Qc7+ Kh6 44. Ng2 Qxb3+ 45. Kh2 Qxe6 46. Qd8 Qe5+ 47. Kh3 f5 48. Qf8+ Kg6 49. Qg8+ Qg7 50. Qe8+ Qf7 51.
Qc6+ Qf6 52. Qxc5 g4+ 53. Kg3 Qd8 54. Nf4+ Kf6 55. Qc3+ Kf7 56. Qc4+ Kf6 57. Qe6+ Kg7 58.
Qg6+ Kh8 59. Qh5+ Kg8 60. Qxf5 Qb8 61. Qxg4+ Kh7 62. Qe6 Qg8+ 63. Qxg8+ Kxg8 1/2-1/2

[Event "Early-Titled-Tuesday-Blitz-July-09-2024"]
[Site "Chess.com"]
[Date "2024.07.09"]
[Round "1"]
[White "chessfatbear"]
[Black "sleeping_in_the_fire"]
[Result "1-0"]
[WhiteElo "2838"]
[BlackElo "2455"]
[TimeControl "180+1"]
[EndTime "8:08:00 PDT"]
[Termination "chessfatbear won on time"]

1. e4 c5 2. Nf3 d6 3. Nc3 Nc6 4. Bb5 Bd7 5. Bxc6 Bxc6 6. d4 cxd4 7. Nxd4 Nf6 8. Nxc6 bxc6 9. Qd3 e6 10. O-O Be7 11. Bg5 O-O 12. Rad1 Rb8 13. b3 h6 14. Bf4 e5 15. Bc1 Qd7 16. Na4 Rfd8 17. Rfe1 Bf8 18. c4 Qe6 19. Nc3 Rb7 20. h3 Rbd7 21.
Qg3 Nh5 22. Qg4 Qxg4 23. hxg4 Nf6 24. g5 hxg5 25. Bxg5 Be7 26. Rd3 Ne8 27. Bxe7 Rxe7 28.
Red1 Red7 29. g3 Nf6 30. Kg2 Kf8 31. f4 Ke7 32. b4 exf4 33. gxf4 Rb8 34. a3 a5 35. b5 cxb5 36. Nxb5 Rb6 37. Kf3 Rc6 38. Nd4 Rxc4 39. Nf5+ Kf8 40. Nxd6 Ra4 41. e5 Ne8 42. Nb5 Rb7 43. Nd4 Rb2 44. Rc1 Ra2 45. Rcc3 g6 46. Nb5 Ra1 47. Rc8 Ke7 48. Rcd8 Rb1 49. Nc3 Rb3 50. Nxa4 1-0

[Event "Early-Titled-Tuesday-Blitz-July-09-2024"]
[Site "Chess.com"]
[Date "2024.07.09"]
[Round "1"]
[White "ferdipy"]
[Black "ansko1999"]
[Result "0-1"]
[WhiteElo "2308"]
[BlackElo "2627"]
[TimeControl "180+1"]
[EndTime "8:08:00 PDT"]
[Termination "ansko1999 won on time"]

1. e4 c5 2. d4 cxd4 3. c3 Nf6 4. e5 Nd5 5. Nf3 Nc6 6. cxd4 d6 7. Bc4 Nb6 8. Bb3 dxe5 9. dxe5 Qxd1+ 10. Bxd1 Bg4 11. Bf4 O-O-O 12. h3 Bh5 13. Nc3 e6 14. O-O h6 15.
Bg3 g5 16. Rc1 Bg7 17. Ne4 Kb8 18. a3 Bg6 19. Re1 Nd5 20. b4 Nf4 21. Nc5 Nd3 22.
Nxd3 Rxd3 23. b5 Nd4 24. Nxd4 Rxd4 25. Rc3 Rhd8 26. Bf3 Rd3 27. Rec1 Rxc3 28. Rxc3 h5 29. a4 h4 30. Bh2 Rd4 31. Ra3 b6 32. g3 Bxe5 33.
gxh4 Bxh2+ 34. Kxh2 Rxh4 35. Kg2 Rc4 36. a5 bxa5 37.
Rxa5 Rb4 38. Kg3 Bf5 39. Bc6 Rb3+ 40. f3 e5 41. h4 gxh4+ 42. Kxh4 f6 43. Ra1 Rb4+ 44.
Kg3 Bc8 45. Rd1 Kc7 46. Rh1 Kb6 47. Rh6 f5 48. Bd7+ Kc7 49. Bc6 a5 0-1

[Event "Early-Titled-Tuesday-Blitz-July-09-2024"]
[Site "Chess.com"]
[Date "2024.07.09"]
[Round "1"]
[White "Hirna2005"]
[Black "slidingknight2775"]
[Result "0-1"]
[WhiteElo "2428"]
[BlackElo "2779"]
[TimeControl "180+1"]
[EndTime "8:08:01 PDT"]
[Termination "slidingknight2775 won by resignation"]

1. e4 c6 2. Nc3 d5 3. Nf3 g6 4. d4 Bg7 5. h3 dxe4 6. Nxe4 Nf6 7. Ng3 O-O 8. Bd3 c5 9. dxc5 Nfd7 10. Ne4 Nxc5 11. Nxc5 Qa5+ 12. Bd2 Qxc5 13. Rb1 Bf5 14.
Bxf5 Qxf5 15. O-O Nc6 16. c3 Rfd8 17. Qe2 Rd7 18. Rfe1 Rad8 19. Be3 e5 20. Rbd1 Qe6 21. Rxd7 Rxd7 22. a3 f5 23. Ng5 Qb3 24. Bc1 h6 25. Nf3 Kh7 26. Nd2 Qc2 27. Kh2 e4 28. Nc4 Qd3 29.
Be3 a6 30. Nb6 Rd8 31. Bf4 g5 32. Bc7 Qxe2 33. Rxe2 Rd1 34. c4 Ne5 35. b3 h5 36.
Nd5 Nd3 37. Ne3 Re1 38. Rxe1 Nxe1 39. Nxf5 Bb2 40. a4 Nd3 41. Nd6 Nc5 42. Bb6 Be5+ 43.
g3 Bxd6 44. b4 Nxa4 45. c5 Nxb6 46. cxd6 Nd7 47. Kg2 Kg6 48. f3 exf3+ 49. Kxf3 Kf5 50. h4 gxh4 51. gxh4 Ke5 52. Ke3 Kxd6 53. Kf4 Ke6 54. Kg5 Nf6 55. Kg6 b6 56. Kg5 a5 57.
Kf4 axb4 58. Ke3 Kf5 59. Kd2 Kg4 60. Kd3 Kxh4 61. Kc4 Kg5 62. Kxb4 h4 0-1

[Event "Early-Titled-Tuesday-Blitz-July-09-2024"]
[Site "Chess.com"]
[Date "2024.07.09"]
[Round "1"]
[White "kripri"]
[Black "SashaKuzhilniy"]
[Result "1-0"]
[WhiteElo "2324"]
[BlackElo "2610"]
[TimeControl "180+1"]
[EndTime "8:08:03 PDT"]
[Termination "kripri won by resignation"]

1. e4 c6 2. d4 d5 3. e5 Bf5 4. Nf3 e6 5. Be2 Nd7 6. O-O a6 7. Be3 c5 8. c3 Ne7 9. Nbd2 Nc6 10. Re1 cxd4 11. cxd4 Be7 12. Nf1 O-O 13. Ng3 Bg6 14. a3 Rc8 15. Rc1 Na5 16. b4 Nc4 17. Bxc4 Rxc4 18. Rxc4 dxc4 19. d5 exd5 20. Qxd5 Qc8 21.
h4 Rd8 22. h5 Nf8 23. Qa5 Bd3 24. Bb6 Rd7 25. h6 g6 26. e6 Nxe6 27. Rxe6 fxe6 28.
Qe5 Bd6 29. Qxe6+ Kf8 30. Ne5 Bxe5 31. Bc5+ Qxc5 32. bxc5 Re7 33. Qc8+ Kf7 34. c6 bxc6 35. Qxc6 Rc7 36. Qd5+ Kf6 37. Qg8 c3 38. Qf8+ Ke6 39.
Qe8+ Kd6 40. Qd8+ Rd7 41. Qb6+ Ke7 42. Qe3 Kf6 43. Qf3+ Ke6 44. Qc6+ Rd6 45. Qc8+ Ke7 46. Qc7+ Ke6 47. Qxh7 c2 48. Qg8+ Ke7 49. Qc8 Bc4 50. Qc7+ Ke6 51. Qxc4+ Ke7 52. Qxc2 1-0

[Event "Early-Titled-Tuesday-Blitz-July-09-2024"]
[Site "Chess.com"]
[Date "2024.07.09"]
[Round "1"]
[White "FollowRivers"]
[Black "Shield12"]
[Result "0-1"]
[WhiteElo "2521"]
[BlackElo "2987"]
[TimeControl "180+1"]
[EndTime "8:08:04 PDT"]
[Termination "Shield12 won by checkmate"]

1. Nf3 c5 2. e3 g6 3. d4 Bg7 4.
Be2 Nf6 5. O-O cxd4 6. Nxd4 O-O 7. b3 b6 8. Bf3 d5 9. Bb2 Bb7 10. c4 e6 11. Nc3 e5 12. Ndb5 a6 13. Na3 e4 14.
Be2 dxc4 15. Nxc4 b5 16. Nd6 Bc6 17. a4 Nd5 18. Ndxe4 b4 19. Nxd5 Bxb2 20. Rb1 Bxd5 21. Bf3 Bg7 22. Nc5 Bxf3 23. Qxf3 Ra7 24. Rfd1 Qb6 25.
Rbc1 Rc7 26. Ne4 Rfc8 27. Rxc7 Qxc7 28. h4 h6 29. h5 g5 30. Ng3 Rd8 31. Nf5 Rxd1+ 32.
Qxd1 Nd7 33. Qd5 Bf8 34. Nd4 Nf6 35. Qa8 a5 36. Nf5 Qc5 37. Nxh6+ Kg7 38. Qf3 Qc1+ 39. Kh2 Qc7+ 40. g3 Kxh6 41. Qxf6+ Kh7 42. Qf5+ Kh8 43. Qxg5 Qd6 44. Qxa5 Qf6 45. Kg2 Qe6 46. Qd8 Kg8 47. Qd3 Qc6+ 48. e4 Qc3 49. Qf3 Bc5 50. h6 Qd4 51.
Qg4+ Kh7 52. f3 Qg1+ 53. Kh3 Qh1# 0-1

[Event "Early-Titled-Tuesday-Blitz-July-09-2024"]
[Site "Chess.com"]
[Date "2024.07.09"]
[Round "1"]
[White "Veleamater"]
[Black "Zurability"]
[Result "1/2-1/2"]
[WhiteElo "2398"]
[BlackElo "2697"]
[TimeControl "180+1"]
[EndTime "8:08:04 PDT"]
[Termination "Game drawn - insufficient material"]

1. g3 d5 2. Bg2 c6 3. d3 Nf6 4.
Nf3 Bg4 5. O-O Nbd7 6. h3 Bxf3 7. Bxf3 e6 8. Bg2 Bc5 9. Nc3 O-O 10. e4 a5 11. a3 a4 12. Kh2 e5 13. f4 dxe4 14.
dxe4 Qc7 15. Qe2 b5 16. f5 h6 17. Bf3 Nh7 18. h4 Qd8 19. Kh3 Ra7 20. g4 Be7 21.
Be3 Rb7 22. Qf2 Nb6 23. Rad1 Qc7 24. Rg1 Nc4 25. Bc1 Qb6 26. Qxb6 Nxb6 27. g5 hxg5 28. hxg5 Bc5 29. Rg2 Nc4 30. Re2 Bd4 31. Rh1 f6 32. g6 Ng5+ 33. Bxg5 fxg5 34. Kg3 Be3 35.
Nd1 Bf4+ 36. Kg4 Rd8 37. Nf2 Rbd7 38. Nd3 Ne3+ 39. Rxe3 Bxe3 40. Nxe5 Rd2 41. Nf7 Kf8 42. Rh8+ Ke7 43. Nxd8 Rxd8 44. Rxd8 Kxd8 45. f6 Bd4 46. fxg7 Bxg7 47. c3 Kd7 48. e5 Bxe5 49. Kxg5 Bg7 50. Kf5 c5 51. Be2 Kc6 52. Ke6 b4 53.
cxb4 cxb4 54. axb4 Bxb2 55. Bc4 a3 56. Kf7 Bc3 57. g7 Bxg7 58. Kxg7 a2 59. Bxa2 Kb5 60. Bc4+ Kxb4 1/2-1/2

[Event "Early-Titled-Tuesday-Blitz-July-09-2024"]
[Site "Chess.com"]
[Date "2024.07.09"]
[Round "1"]
[White "Seochesspie"]
[Black "PapiPapita"]
[Result "0-1"]
[WhiteElo "2865"]
[BlackElo "2505"]
[TimeControl "180+1"]
[EndTime "8:08:05 PDT"]
[Termination "PapiPapita won by resignation"]

1. c4 Nf6 2. Nc3 b6 3. d4 e6 4. a3 Bb7 5. Qc2 d5 6. cxd5 Nxd5 7. Nf3 Be7 8. e4 Nxc3 9. bxc3 c5 10. Bb5+ Bc6 11.
Bd3 O-O 12. O-O Qc7 13. Qe2 Nd7 14. h4 Rfe8 15. h5 h6 16. Bd2 Rac8 17. a4 Nf6 18. Ne5 Bb7 19. Rad1 Red8 20. Bf4 Bd6 21. g4 Nd7 22. f3 Nxe5 23. dxe5 Bxe5 24. Bxe5 Qxe5 25. Qc2 Qf4 26. Kg2 Rd6 27. Be2 Rcd8 28. Rxd6 Rxd6 29. Rd1 Bc6 30. Rxd6 Qxd6 31. Bb5 Bb7 32. Qe2 Kf8 33. e5 Qd5 34. Kg3 Ke7 35. Bc4 Qd7 36. Bb5 Qd5 37.
Bc4 Qd8 38. Bb5 Qc7 39. f4 Qd8 40. Bc4 Qd7 41. Bb5 Qd5 42. Bc4 Qc6 43. Bb5 Qh1 44.
Qd2 Qd5 45. Qe2 g6 46. hxg6 fxg6 47. Bc4 Qe4 48. Qxe4 Bxe4 49. Bb5 Bc2 50. Kh4 a6 51. Bxa6 Bxa4 52. Bd3 Be8 53. c4 Kf7 54. Be4 Ba4 55. f5 exf5 56. gxf5 gxf5 57. Bd5+ Kg6 58. Be6 Bb3 59.
Bd5 b5 60. e6 Kf6 0-1

[Event "Early-Titled-Tuesday-Blitz-July-09-2024"]
[Site "Chess.com"]
[Date "2024.07.09"]
[Round "1"]
[White "MarijaKuznecova"]
[Black "mwpchess"]
[Result "0-1"]
[WhiteElo "2419"]
[BlackElo "2755"]
[TimeControl "180+1"]
[EndTime "8:08:05 PDT"]
[Termination "mwpchess won by resignation"]

1. e4 c5 2. Nf3 d6 3. d4 cxd4 4. Nxd4 Nf6 5. Nc3 Nc6 6. Bg5 e6 7. Qd2 a6 8. f4 Be7 9. O-O-O Bd7 10. Bxf6 gxf6 11. Nf3 Qc7 12. f5 h5 13. Be2 Bf8 14. Kb1 O-O-O 15. Qe3 Kb8 16. a3 Bc8 17. Nd4 Ne5 18.
Nb3 Bh6 19. Qf2 Bg7 20. Na4 Ng4 21. Qf3 Ne5 22. Qf2 Ng4 23. Qf3 Bh6 24. h3 Ne5 25. Qf2 d5 26. fxe6 fxe6 27. exd5 exd5 28. Nc3 Qf7 29.
Rhf1 Rhf8 30. Qh4 Bg5 31. Qxh5 Qxh5 32. Bxh5 Be6 33. Nd4 Bg8 34. Nf3 Nxf3 35. Bxf3 d4 36. Ne4 Be3 37. c3 dxc3 38. Nxc3 Bh7+ 39. Be4 Bxe4+ 40.
Nxe4 Rxd1+ 41. Rxd1 f5 42. Ng3 f4 43. Rf1 Rg8 44. Ne2 Rxg2 45. Nxf4 Rh2 46. Nd5 Bd4 47.
Nc3 Rxh3 48. Kc2 Rh2+ 49. Kd3 Bc5 50. Na4 Bd6 51. Rf6 Be5 52. Rb6 Kc7 53. b3 Rh3+ 54. Kc4 Rh4+ 55. Kd5 Ba1 56. Rg6 Rh5+ 57. Kc4 b5+ 58. Kb4 bxa4 59. Kxa4 Kb7 60. Rg7+ Bxg7 0-1

[Event "Early-Titled-Tuesday-Blitz-July-09-2024"]
[Site "Chess.com"]
[Date "2024.07.09"]
[Round "1"]
[White "GrotBchess"]
[Black "Nbk90"]
[Result "1-0"]
[WhiteElo "2607"]
[BlackElo "2267"]
[TimeControl "180+1"]
[EndTime "8:08:07 PDT"]
[Termination "GrotBchess won by resignation"]

1. e4 e5 2. Nf3 Nc6 3. Bb5 a6 4. Ba4 Bc5 5. O-O Nge7 6. c3 Ng6 7. d4 Ba7 8. Bxc6 dxc6 9. Nxe5 Nxe5 10. dxe5 Qe7 11.
Bf4 g5 12. Be3 Bxe3 13. fxe3 Qxe5 14. Qd4 Qxd4 15. exd4 Be6 16. Nd2 O-O-O 17. Nb3 b6 18. Rae1 Rhe8 19. Nc1 f5 20. exf5 Bc4 21. Rxe8 Rxe8 22.
Rd1 Rf8 23. g4 h5 24. h3 hxg4 25. hxg4 Rh8 26. Nd3 Rh4 27. Ne5 Bd5 28. Rd2 Rh1+ 29. Kf2 Rh2+ 30. Ke3 Rh3+ 31. Ke2 Bxa2 32. c4 b5 33.
cxb5 axb5 34. f6 Rh2+ 35. Kd3 Rh3+ 36. Ke4 Bb1+ 37. Nd3 Kd7 38. Rd1 Bc2 39. Rd2 Bxd3+ 40. Rxd3 Rxd3 41. Kxd3 Ke6 42. Kc3 Kxf6 43. Kb4 Ke6 44.
Kc5 Kd7 45. b4 Ke7 46. Kxc6 Ke6 47. Kc5 Kd7 48. Kxb5 Kd6 49. Kc4 c6 50. Kc3 Kd5 51. Kd3 Kd6 52. Kc4 Ke6 53. Kc5 Kd7 54. d5 cxd5 55.
Kxd5 Kc7 56. Ke5 1-0